 Dungeon Crawl Stone Soup version 0.29.1-1-gd02db6906a (webtiles) character file.

Game seed: 2005977359709543837

89068 safid the Crack Shot (level 15, -2/132 HPs)
             Began as a Minotaur Hunter on Oct 20, 2022.
             Was the Champion of Okawaru.
             Slain by a very large slime creature (50 damage)
             ... on level 14 of the Dungeon.
             The game lasted 01:24:24 (24249 turns).

safid the Crack Shot (Minotaur Hunter)             Turns: 24249, Time: 01:24:30

Health: -2/132     AC: 19    Str: 12    XL:     15   Next: 48%
Magic:  27/29      EV: 12    Int:  6    God:    Okawaru [******]
Gold:   1069       SH:  0    Dex: 24    Spells: 12/14 levels left

rFire   + + .      SeeInvis +   M - +3 longbow (flame)
rCold   + . .      Faith    .   (shield currently unavailable)
rNeg    + + +      Spirit   .   v - +0 ring mail "Laptoegh" {rPois rF+ rN+++ Str-5}
rPois   +          Reflect  .   c - +2 hat
rElec   +          Harm     .   P - +1 cloak of Heresy {Contam rElec MP+9 Dex+4}
rCorr   .          Rampage  .   F - +2 pair of gloves
Will    ++...                   C - +1 pair of boots
Stlth   ++........              n - amulet of regeneration
HPRegen 1.12/turn               e - ring of protection from fire
MPRegen 0.21/turn               Q - ring of Propriety {rPois rC+ Will+ SInv}

@: very slightly contaminated
A: horns 2, retaliatory headbutt, iridescent scales 1, noise suppression
a: Renounce Religion, Heroism, Finesse, Duel


You were on level 14 of the Dungeon.
You worshipped Okawaru.
Okawaru was exalted by your worship.
You visited 4 branches of the dungeon, and saw 22 of its levels.
You also visited: Gauntlet and Ice Cave.

You collected 2172 gold pieces.
You spent 1103 gold pieces at shops.

Inventory:

Hand Weapons
 J - a +0 arbalest of flaming
 M - a +3 longbow of flaming (weapon)
Missiles
 g - 2 throwing nets
 q - 21 boomerangs of dispersal
 E - 2 silver javelins
 G - 11 javelins
 W - 3 curare-tipped darts
Armour
 c - a +2 hat (worn)
 v - the +0 ring mail "Laptoegh" (worn) {rPois rF+ rN+++ Str-5}
   (You bought it in a shop on level 2 of the Orcish Mines)

   Str:       It affects your strength (-5).
   rF:        It protects you from fire.
   rPois:     It protects you from poison.
   rN:        It renders you almost immune to negative energy.
 C - a +1 pair of boots (worn)
 F - a +2 pair of gloves (worn)
 P - the +1 cloak of Heresy (worn) {Contam rElec MP+9 Dex+4}
   (You found it in a Gauntlet)

   Dex:       It affects your dexterity (+4).
   rElec:     It insulates you from electricity.
   MP:        It affects your magic capacity (+9).
   Contam:    It causes magical contamination when unequipped.
 T - a +2 cloak of willpower
Jewellery
 e - a ring of protection from fire (left hand)
 n - an amulet of regeneration (around neck)
 z - a ring of positive energy
 Q - the ring of Propriety (right hand) {rPois rC+ Will+ SInv}
   (You found it in a Gauntlet)

   [ring of see invisible]

   rC:        It protects you from cold.
   rPois:     It protects you from poison.
   SInv:      It lets you see invisible.
   Will:      It increases your willpower.
Wands
 h - a wand of flame (19)
 p - a wand of light (16)
 r - a wand of roots (14)
 s - a wand of polymorph (14)
 t - a wand of paralysis (7)
 D - a wand of digging (1)
 H - a wand of mindburst (20)
Scrolls
 b - 6 scrolls of enchant armour
 d - a scroll of amnesia
 f - 5 scrolls of teleportation
 k - 2 scrolls of magic mapping
 y - 3 scrolls of enchant weapon
 B - 2 scrolls of brand weapon
 K - 6 scrolls of fear
 O - 5 scrolls of identify
Potions
 a - 3 potions of curing
 i - 5 potions of lignification
 j - 2 potions of might
 o - 4 potions of resistance
 u - 2 potions of cancellation
 x - a potion of ambrosia
 A - 3 potions of flight
 I - 2 potions of invisibility
 L - 2 potions of mutation
 R - 3 potions of heal wounds
 X - a potion of haste
Miscellaneous
 w - a condenser vane
 S - a lightning rod (4/4)
 U - a phial of floods


   Skills:
 - Level 12.0 Fighting
 + Level 23.1 Ranged Weapons
 - Level 10.0 Armour
 - Level 3.0 Dodging
 - Level 1.0 Stealth
 - Level 6.0 Translocations
 - Level 9.0 Invocations
 - Level 4.0 Evocations


You had 12 spell levels left.
You knew the following spells:

 Your Spells              Type           Power      Damage    Failure   Level
a - Blink                 Tloc           14%        N/A       12%         2

Your spell library contained the following spells:

 Spells                   Type           Power      Damage    Failure   Level
 Gell's Gravitas          Tloc           7%         N/A       24%         3
 Lesser Beckoning         Tloc           7%         N/A       24%         3
 Teleport Other           Tloc           7%         N/A       24%         3
 Portal Projectile        Hex/Tloc       6%         N/A       63%         3
 Magic Dart               Conj           0%         1d3       67%         1
 Necrotise                Necr           0%         1d4       67%         1
 Sandblast                Erth           0%         2d4       67%         1
 Passwall                 Tmut/Erth      0%         N/A       82%         2
 Searing Ray              Conj           0%         2d4       82%         2
 Manifold Assault         Tloc           7%         N/A       92%         5
 Iskenderun's Mystic Bla  Conj/Tloc      3%         2d3       95%         4
 Conjure Flame            Conj/Fire      0%         6-21      96%         3
 Dazzling Flash           Conj/Hex       0%         N/A       96%         3
 Ignite Poison            Fire/Tmut/Pois 0%         N/A       96%         3
 Ozocubu's Armour         Ice            0%         N/A       96%         3
 Spider Form              Tmut/Pois      0%         N/A       96%         3
 Stone Arrow              Conj/Erth      0%         3d7       96%         3
 Vampiric Draining        Necr           0%         2d6       96%         3
 Airstrike                Air            0%         2d(0-16)  100%        4
 Fulminant Prism          Conj/Hex       0%         3d6       100%        4
 Leda's Liquefaction      Hex/Erth       0%         N/A       100%        4
 Petrify                  Tmut/Erth      0%         N/A       100%        4
 Sticky Flame             Conj/Fire      0%         2d3       100%        4
 Agony                    Necr           0%         N/A       100%        5
 Alistair's Intoxication  Tmut/Pois      0%         N/A       100%        5
 Lee's Rapid Deconstruct  Erth           0%         3d5*      100%        5
 Metabolic Englaciation   Hex/Ice        0%         N/A       100%        5
 Eringya's Noxious Bog    Tmut/Pois      0%         N/A       100%        6
 Iron Shot                Conj/Erth      0%         9d1       100%        6
 Starburst                Conj/Fire      0%         6d3       100%        6
 Statue Form              Tmut/Erth      0%         N/A       100%        6
 Orb of Destruction       Conj           0%         9d5       100%        7
 Ozocubu's Refrigeration  Ice            0%         4d7       100%        7
 Storm Form               Tmut/Air       0%         N/A       100%        7
 Lehudib's Crystal Spear  Conj/Erth      0%         10d2      100%        8
 Summon Guardian Golem    Hex/Summ       Unusable   N/A       N/A         3
 Animate Armour           Summ/Erth      Unusable   N/A       N/A         4
 Summon Forest            Summ/Tloc      Unusable   N/A       N/A         5
 Spellforged Servitor     Conj/Summ      Unusable   N/A       N/A         7
 Summon Hydra             Summ           Unusable   N/A       N/A         7

Dungeon Overview and Level Annotations

Branches:
Dungeon (14/15)            Temple (1/1) D:6            Lair (5/5) D:10
  Swamp (0/4) Lair:2       Spider (0/4) Lair:3        Slime (0/5) Lair:5
    Orc (2/2) D:9             Elf (0/3) Orc:2        Vaults (0/5) D:13
  IceCv (visited)         Gauntlet (visited)

Altars:
Ashenzari
Cheibriados
Dithmenos
Elyvilon
Fedhas
Gozag
Hepliaklqana
Kikubaaqudgha
Makhleb
Nemelex Xobeh
Okawaru
Qazlal
Ru
Sif Muna
Trog
Uskayaw
Vehumet
Wu Jian
Xom
Yredelemnul
Zin
The Shining One
Jiyva

Shops:
D:3 ?   D:5 [   D:10 !   D:12 (   D:13 !   Orc:2 =[*(*


Innate Abilities, Weirdness & Mutations

You have a pair of horns on your head.
You reflexively headbutt those who attack you in melee.
You are partially covered in iridescent scales. (AC +2)
You passively dampen the noise of your surroundings.


Message History

Two slime creatures merge to form a very large slime creature.
You shoot an arrow.
The arrow hits the very large slime creature but does no damage.
The very large slime creature is moderately wounded.
You shoot an arrow.
The arrow hits the very large slime creature but does no damage.
The very large slime creature is moderately wounded.
A slime creature comes into view.
Two slime creatures merge to form an enormous slime creature.
You shoot an arrow.
The arrow hits the enormous slime creature!
The arrow burns the enormous slime creature.
The enormous slime creature is moderately wounded.
Two slime creatures merge to form a titanic slime creature.
You shoot an arrow.
The arrow hits the titanic slime creature!
The arrow burns the titanic slime creature.
The titanic slime creature is moderately wounded.
You shoot an arrow.
The arrow hits the titanic slime creature!
The arrow burns the titanic slime creature.
The titanic slime creature is moderately wounded.
You shoot an arrow.
The arrow hits the titanic slime creature.
The arrow burns the titanic slime creature.
The titanic slime creature is moderately wounded.
A titanic slime creature splits.
The very large slime creature hits you!!!
The large slime creature attacks as you move away!
The large slime creature hits you!!
A large slime creature splits.
There is an open door here.
The very large slime creature attacks as you move away!
The very large slime creature hits you!!
Casting: Blink (safe; 12% risk of failure)
Confirm with . or Enter, or press ? or * to list all spells.
You miscast Blink.
You are very lightly contaminated with residual magic.
Nothing appears to happen.
The very large slime creature hits you!!!
You die...

..#.##.## ..
.##..... .. ......
######## .# .....
#......#..####
.....
#......#......
...#. . .
#..##..'......
..... #...
#......####...
#####
#....######J.......
.....<.@J.#J##....#
..........#.......#
..........J.......#
#########'#####...#
+..........# ..#
#.##.....#.# .#
#.##.....#.# #
#........#.#
########..........#


You could see a very large slime creature and a large slime creature.

Vanquished Creatures
  Rupert (Lair:5)
  2 orc warlords (Orc:2)
  A quicksilver ooze (Gauntlet)
  Nessos (D:12)
  A minotaur (Gauntlet)
  An ettin (D:13)
  Josephine (D:13)
  Harold (Lair:1)
  A boulder beetle (D:11)
  11 hydras
  4 two-headed ogres
  7 centaur warriors
  Urug (D:10)
  2 orc high priests (Orc:2)
  A death yak (Lair:3)
  A tengu warrior (D:13)
  Sonja (D:13)
  A sixfirhy (D:12)
  An orb spider (Lair:3)
  A goliath frog (Lair:5)
  Pikel (D:6)
  2 deep elf pyromancers
  5 orc knights (Orc:2)
  A lindwurm (D:13)
  An obsidian statue (Gauntlet)
  2 bog bodies (IceCv)
  2 oklob plants (Lair:4)
  2 orc sorcerers
  2 cyclopes
  3 ugly things
  2 manticores
  20 elephants
  Joseph (D:9)
  An ice statue (IceCv)
  4 black mambas
  A torpor snail (Lair:3)
  2 unseen horrors
  20 cane toads
  7 komodo dragons
  Maggie (D:6)
  2 kobold demonologists (D:10)
  5 rime drakes
  An efreet (D:14)
  An anaconda simulacrum (IceCv)
  An ice devil (IceCv)
  4 polar bears (Lair:5)
  5 trolls
  4 tyrant leeches (Lair:5)
  2 hornets
  32 blink frogs
  7 dream sheep (Lair:4)
  3 slime creatures (D:12)
  Sigmund (D:3)
  41 yaks
  6 wraiths
  3 wyverns
  3 steam dragons
  4 basilisks
  9 vampire mosquitoes
  2 swamp worms (Lair:2)
  6 wargs (Orc:2)
  4 acid dragons
  10 water moccasins
  A hydra simulacrum (IceCv)
  3 ice beasts
  28 orc warriors
  A black bear (D:8)
  A sky beast (D:7)
  5 ogres
  6 wolves (Lair:1)
  12 centaurs
  3 lemures
  A phantom (D:6)
  A kobold brigand (D:6)
  21 bullfrogs
  7 scorpions
  A cane toad simulacrum (IceCv)
  A gnoll sergeant (D:8)
  4 two-headed ogre simulacra (IceCv)
  A necrophage (D:5)
  14 wights
  6 elephant simulacra (IceCv)
  8 killer bees
  7 howler monkeys
  A hound (D:6)
  11 orc priests
  2 jellies
  4 gnoll boudas
  4 iguanas
  19 orc wizards
  11 hell rats
  9 spriggan simulacra (IceCv)
  7 troll simulacra (IceCv)
  A wolf simulacrum (IceCv)
  4 polar bear simulacra (IceCv)
  16 adders
  21 gnolls
  2 naga simulacra (IceCv)
  2 shadow imps
  18 white imps
  2 ufetubi (IceCv)
  2 worms (D:5)
  4 dart slugs
  48 orcs
  4 endoplasms
  4 giant cockroaches
  9 hobgoblins
  22 jackals
  6 quokkas
  6 ball pythons
  8 bats
  6 frilled lizards
  10 goblins
  27 kobolds
  7 rats
706 creatures vanquished.

Vanquished Creatures (others)
  A kobold (D:10)
  2 bushes (Lair:5)
  47 fungi
  111 plants
161 creatures vanquished.

Grand Total: 867 creatures vanquished

Notes
Turn   | Place    | Note
-------+----------+-------------------------------------------
     0 | D:1      | safid the Minotaur Hunter began the quest for the Orb.
     0 | D:1      | Reached XP level 1. HP: 18/18 MP: 0/0
    66 | D:1      | Found a faded altar of an unknown god.
   208 | D:1      | Reached XP level 2. HP: 25/25 MP: 1/1
   274 | D:1      | Reached skill level 5 in Ranged Weapons
   394 | D:1      | Reached XP level 3. HP: 26/31 MP: 2/2
   617 | D:2      | Identified the +7 long sword of Recklessness {freeze, rF+
                  | Will- Str+7}
  1054 | D:2      | Identified the +1 mace of Frustration {spect, Fly rPois rF-
                  | rN+++}
  1197 | D:2      | Reached skill level 6 in Ranged Weapons
  1197 | D:2      | Reached XP level 4. HP: 35/38 MP: 3/3
  1458 | D:3      | Noticed Sigmund
  1713 | D:3      | Killed Sigmund
  1714 | D:3      | Reached skill level 7 in Ranged Weapons
  1714 | D:3      | Reached XP level 5. HP: 41/45 MP: 4/4
  1772 | D:3      | Reached XP level 6. HP: 45/51 MP: 5/5
  1944 | D:3      | Found a burning altar of Makhleb.
  1944 | D:3      | Noticed an Executioner
  1947 | D:3      | Noticed a neqoxec
  1947 | D:3      | Noticed a smoke demon
  2055 | D:3      | Reached skill level 8 in Ranged Weapons
  2079 | D:3      | Found Waber's Magic Scroll Emporium.
  2089 | D:3      | Bought a scroll of identify for 20 gold pieces
  2089 | D:3      | Bought a scroll of teleportation for 30 gold pieces
  2089 | D:3      | Bought a scroll of identify for 20 gold pieces
  2089 | D:3      | Bought a scroll of identify for 20 gold pieces
  2089 | D:3      | Bought a scroll of identify for 20 gold pieces
  2089 | D:3      | Bought a scroll of identify for 20 gold pieces
  2479 | D:4      | Found a white marble altar of Elyvilon.
  3146 | D:5      | Entered Level 5 of the Dungeon
  3248 | D:5      | Found Wussus's Armour Emporium.
  3263 | D:5      | Reached skill level 9 in Ranged Weapons
  3295 | D:5      | Reached XP level 7. HP: 45/57 MP: 6/6
  3462 | D:5      | Reached skill level 10 in Ranged Weapons
  3520 | D:5      | Learned a level 2 spell: Blink
  3560 | D:5      | Identified the +1 ring mail of Kindness {rC+ Int+5}
  3594 | D:5      | Found a broken altar of Ashenzari.
  3622 | D:5      | Found a radiant altar of Vehumet.
  4057 | D:6      | Reached skill level 11 in Ranged Weapons
  4057 | D:6      | Reached XP level 8. HP: 56/63 MP: 7/7
  4157 | D:6      | Noticed Pikel
  4178 | D:6      | Found a staircase to the Ecumenical Temple.
  4226 | D:6      | Noticed Maggie
  4239 | D:6      | HP: 1/63 [Maggie/+0 scimitar of distortion (21)]
  4274 | D:6      | Killed Maggie
  4275 | D:6      | Reached skill level 12 in Ranged Weapons
  4355 | D:6      | Killed Pikel
  4356 | D:6      | Reached skill level 13 in Ranged Weapons
  4367 | D:6      | Reached XP level 9. HP: 49/68 MP: 8/8
  4430 | Temple   | Entered the Ecumenical Temple
  4736 | Temple   | Became a worshipper of Warmaster Okawaru
  5175 | D:6      | Reached skill level 14 in Ranged Weapons
  5292 | D:7      | Reached * piety under Okawaru
  5679 | D:7      | Reached skill level 15 in Ranged Weapons
  5897 | D:7      | Found a shimmering altar of Xom.
  6394 | D:8      | Reached ** piety under Okawaru
  6424 | D:8      | Found a stormy altar of Qazlal.
  6501 | D:8      | Reached skill level 16 in Ranged Weapons
  6501 | D:8      | Reached XP level 10. HP: 17/77 MP: 9/9
  6505 | D:8      | Gained mutation: You are partially covered in iridescent
                  | scales. (AC +2) [potion of mutation]
  6505 | D:8      | Gained mutation: You passively dampen the noise of your
                  | surroundings. [potion of mutation]
  6546 | D:8      | Reached skill level 1 in Invocations
  7005 | D:8      | Reached skill level 1 in Translocations
  7076 | D:8      | Found an opulent altar of Gozag.
  7482 | D:9      | Noticed Joseph
  7506 | D:9      | Killed Joseph
  7506 | D:9      | Reached *** piety under Okawaru
  7663 | D:9      | Found a snail-covered altar of Cheibriados.
  7799 | D:9      | Reached skill level 5 in Fighting
  8117 | D:9      | Identified the +0 pair of gloves "Otaogayst" {Str+2}
  8214 | D:9      | Found a staircase to the Orcish Mines.
  8358 | D:9      | Found a sacrificial altar of Ru.
  8362 | D:10     | Entered Level 10 of the Dungeon
  8441 | D:10     | Paralysed by a hornet for 2 turns
  8530 | D:10     | Found Teol's Distillery.
  8536 | D:10     | Bought a potion of curing for 42 gold pieces
  8536 | D:10     | Bought 2 potions of heal wounds for 140 gold pieces
  8536 | D:10     | Bought a potion of curing for 42 gold pieces
  8710 | D:10     | Found a staircase to the Lair.
  9100 | D:10     | Noticed an orange demon
  9109 | D:10     | Noticed a soul eater
  9115 | D:10     | Noticed a sun demon
  9562 | D:10     | Reached **** piety under Okawaru
  9563 | D:10     | Reached skill level 5 in Invocations
  9563 | D:10     | Reached XP level 11. HP: 91/91 MP: 13/13
  9934 | D:10     | Noticed Urug
  9945 | D:10     | Paralysed by Urug for 2 turns
  9960 | D:10     | Killed Urug
 10167 | Lair:1   | Entered Level 1 of the Lair of Beasts
 10431 | Lair:1   | Noticed Harold
 10458 | Lair:1   | Killed Harold
 10752 | Lair:1   | Reached ***** piety under Okawaru
 11167 | Lair:1   | Reached skill level 5 in Translocations
 11593 | Lair:1   | Identified the +2 robe "Baxommic" {Str+3 Dex-3 SInv}
                  | (Okawaru gifted it to you on level 1 of the Lair of Beasts)
 11593 | Lair:1   | Received a gift from Okawaru
 11959 | Lair:2   | Reached skill level 1 in Armour
 12033 | Lair:2   | Noticed a four-headed hydra
 12044 | Lair:2   | Killed a four-headed hydra
 12078 | Lair:2   | Noticed a five-headed hydra
 12086 | Lair:2   | Killed a five-headed hydra
 12087 | Lair:2   | Reached XP level 12. HP: 69/101 MP: 10/16
 12124 | Lair:2   | Found a staircase to the Swamp.
 13097 | Lair:3   | Noticed a seven-headed hydra
 13112 | Lair:3   | Killed a seven-headed hydra
 13113 | Lair:3   | Reached skill level 1 in Stealth
 13179 | Lair:3   | Reached skill level 17 in Ranged Weapons
 13235 | Lair:3   | Found a hole to the Spider Nest.
 13295 | Lair:3   | Noticed a four-headed hydra
 13313 | Lair:3   | Killed a four-headed hydra
 13384 | Lair:3   | Noticed a four-headed hydra
 13414 | Lair:3   | Killed a four-headed hydra
 13415 | Lair:3   | Reached skill level 5 in Armour
 13499 | Lair:3   | Received a gift from Okawaru
 13706 | Lair:3   | Noticed a death yak
 13713 | Lair:3   | Reached skill level 10 in Fighting
 13732 | Lair:3   | Received a gift from Okawaru
 13751 | Lair:3   | Killed a death yak
 14515 | Lair:4   | Reached skill level 18 in Ranged Weapons
 14720 | Lair:3   | Reached XP level 13. HP: 87/115 MP: 18/18
 14827 | Lair:4   | Identified the +12 spear "Qeanoino" {vorpal, rC+ MP+9}
 15255 | Lair:4   | Reached skill level 1 in Evocations
 16098 | Lair:4   | Received a gift from Okawaru
 16116 | Lair:5   | Entered Level 5 of the Lair of Beasts
 16116 | Lair:5   | Found a staircase to the Slime Pits.
 16116 | Lair:5   | Found a viscous altar of Jiyva.
 16701 | Lair:5   | Reached skill level 19 in Ranged Weapons
 16702 | Lair:5   | Identified the +0 plate armour of Imperfection {*Corrode
                  | rElec rC+++ Int+4} (Okawaru gifted it to you on level 5 of
                  | the Lair of Beasts)
 16702 | Lair:5   | Received a gift from Okawaru
 16741 | Lair:5   | Reached ****** piety under Okawaru
 16880 | Lair:5   | Noticed Rupert
 16913 | Lair:5   | Killed Rupert
 17010 | Lair:5   | Reached XP level 14. HP: 126/126 MP: 19/19
 17165 | Lair:5   | Reached skill level 20 in Ranged Weapons
 17420 | Lair:5   | Got the Incunable of Stormy Poisoning
 17428 | Lair:5   | Identified the +4 short sword of Resourcefulness {pain,
                  | Int+3}
 18135 | D:11     | Found a gate leading to a gauntlet.
 18144 | Gauntlet | Entered a Gauntlet
 18144 | Gauntlet | Noticed a quicksilver ooze
 18144 | Gauntlet | Found a transporter.
 18144 | Gauntlet | Found a transporter.
 18144 | Gauntlet | Found a transporter.
 18172 | Gauntlet | Found a transporter.
 18172 | Gauntlet | Found a transporter.
 18182 | Gauntlet | Found a transporter.
 18248 | Gauntlet | Found a transporter.
 18258 | Gauntlet | Found a transporter.
 18273 | Gauntlet | Found a transporter.
 18285 | Gauntlet | Found a transporter.
 18298 | Gauntlet | Found a transporter.
 18304 | Gauntlet | Found a transporter.
 18537 | Gauntlet | Killed a quicksilver ooze
 18547 | Gauntlet | Identified the +1 cloak of Heresy {Contam rElec MP+9 Dex+4}
 18573 | Gauntlet | Identified the ring of Propriety {rPois rC+ Will+ SInv}
 18657 | Gauntlet | Identified the +3 swamp dragon scales of the Growing Gods
                  | {Harm Fly rPois MP+9}
 18657 | Gauntlet | Identified the +1 kite shield of a sewer {+Inv Stlth+}
 18671 | Gauntlet | Got Bahyf's Verses on Elsewhere
 19518 | D:11     | Reached skill level 21 in Ranged Weapons
 19700 | Orc:1    | Entered Level 1 of the Orcish Mines
 19772 | Orc:2    | Entered Level 2 of the Orcish Mines
 19944 | Orc:2    | Found a staircase to the Elven Halls.
 19944 | Orc:2    | Found Oligreife's Jewellery Shop.
 20263 | Orc:2    | Noticed an orc warlord
 20276 | Orc:2    | Killed an orc warlord
 20345 | Orc:2    | Found Dumpiem's Overcharged Wands.
 20361 | Orc:2    | Found Ceotar's Antique Armour Shop.
 20497 | Orc:2    | Found Soegezyp's General Store.
 20508 | Orc:2    | Bought a scroll of fear for 64 gold pieces
 20508 | Orc:2    | Bought a scroll of identify for 32 gold pieces
 20545 | Orc:2    | Found Udyxkum's Antique Weapon Shoppe.
 20635 | Orc:2    | Noticed an orc warlord
 20644 | Orc:2    | Killed an orc warlord
 20644 | Orc:2    | Identified the +5 glaive "Epor" {vorpal, rCorr Int+3}
                  | (Okawaru gifted it to you on level 2 of the Orcish Mines)
 20644 | Orc:2    | Received a gift from Okawaru
 21490 | Orc:2    | Bought a fine ring mail for 171 gold pieces
 21490 | Orc:2    | Identified the +0 ring mail "Laptoegh" {rPois rF+ rN+++
                  | Str-5} (You bought it in a shop on level 2 of the Orcish
                  | Mines)
 21730 | D:12     | Found a hazy altar of Hepliaklqana.
 21780 | D:12     | Found a runed translucent door.
 21894 | D:12     | Noticed Nessos
 21905 | D:12     | Killed Nessos
 22021 | D:12     | Reached XP level 15. HP: 132/132 MP: 20/20
 22053 | D:12     | Identified the +0 plate armour "Ticinomo" {rF- Will++
                  | Str+4} (Okawaru gifted it to you on level 12 of the
                  | Dungeon)
 22053 | D:12     | Received a gift from Okawaru
 22123 | D:12     | Found Pecool's Weapon Shop.
 22130 | D:12     | Bought 6 javelins for 57 gold pieces
 22164 | D:12     | Reached skill level 10 in Armour
 22367 | D:13     | Reached skill level 22 in Ranged Weapons
 22376 | D:13     | Found a gate to the Vaults.
 22441 | D:13     | Found Reiness's Distillery.
 22450 | D:13     | Bought a potion of lignification for 51 gold pieces
 22450 | D:13     | Bought a potion of curing for 51 gold pieces
 22450 | D:13     | Bought a potion of lignification for 51 gold pieces
 22450 | D:13     | Bought a potion of heal wounds for 85 gold pieces
 22450 | D:13     | Bought a potion of curing for 51 gold pieces
 22450 | D:13     | Bought a potion of invisibility for 136 gold pieces
 22464 | D:13     | Found a frozen archway.
 22492 | IceCv    | Entered an ice cave
 22776 | IceCv    | Got Yriuji's Compilation of the Discontinuous Boulder
 22782 | IceCv    | Identified the +6 short sword of Kallar {vorpal, Str+6
                  | Dex-2}
 23312 | D:13     | Noticed Sonja
 23470 | D:13     | Noticed Josephine
 23496 | D:13     | Killed Josephine
 23597 | D:13     | Killed Sonja
 24001 | D:13     | Reached skill level 23 in Ranged Weapons
 24249 | D:14     | Slain by a very large slime creature

Illustrated notes

Levels and vault maps discovered:
D:1:      wheals_arrival_shading, layout_rooms,
          dreamdust_ecumenical_altar_grove, minmay_liquid_box
D:2:      layout_loops_ring
D:3:      layout_basic, makhleb_altar_promises_db, serial_shops,
          nicolae_shop_crystal, minmay_diced_spiral, uniq_sigmund
D:4:      nicolae_BIG_FREAKIN_CUBE, layout_loops_corners, elyvilon_altar_4,
          grunt_decor_cap
D:5:      layout_loops_ring, grunt_temple_overflow_open,
          kennysheep_windowed_goal
D:6:      layout_rooms, minmay_temple_entry_stoned_glass, lightli_minifort,
          uniq_maggie, uniq_pikel
D:7:      layout_loops_ring, lemuel_coloured_pillars_altar,
          uniq_crazy_yiuf_cottage
D:8:      layout_loops_ring, nicolae_qazlal_style_of_elements,
          mainiacjoe_overflow_six_doors_small
D:9:      old_forge, layout_basic, mainiacjoe_overflow_big_doors, orc_0_dummy,
          uniq_joseph
D:10:     layout_gridville, lair_entry_dummy, serial_shops, shop,
          minmay_unpleasant_kobolds, uniq_urug
D:11:     layout_grid_maze, gauntlet_entry_generic
D:12:     cheibrodos_shockbox, layout_rooms, serial_shops, nicolae_shop_trees,
          nicolae_hepliaklqana_hippocampus, uniq_nessos
D:13:     layout_irregular_city, david_vaults_4, serial_shops,
          nicolae_shop_hallway_stairs, portal_ice_cave_entry_imps,
          lightli_fourway_metalbox, uniq_josephine, uniq_sonja
D:14:     layout_stronghold, gammafunk_ghost_split,
          hangedman_decor_clover_reticule
Temple:   oiseaux_autumnal_temple
Lair:1:   layout_layer_cave, beast_lair_carwin_9, uniq_harold
Lair:2:   layout_hall_layers, palyth_hydra_swamp_entry
Lair:3:   layout_cave_pods, nicolae_spider_entry_orb_guardian,
          serial_bayou_shore_b, serial_bayou_shore_b
Lair:4:   dpeg_oklob_gauntlet, layout_misc_corridors,
          chequers_serial_rivers_room_b, chequers_serial_rivers_micro_a,
          guppyfry_lair_drakes, grunt_megastairs_5
Lair:5:   minmay_lair_end_frog_pond, layout_loops_ring, slime_entry_1,
          cheibrodos_lair_lostbears, uniq_rupert
Orc:1:    layout_diamond_mine
Orc:2:    grunt_orc_gardens, layout_caves, grunt_orc_garden, grunt_orc_garden,
          grunt_orc_garden, grunt_orc_garden, nicolae_shop_overcharged_wands

Skill      XL: |  1  2  3  4  5  6  7  8  9 10 11 12 13 14 15 |
---------------+----------------------------------------------+-----
Fighting       | 3 6 8 10 12 | 12.0
Ranged Weapons | 5 6 7 9 11 13 16 18 19 21 23 | 23.1
Invocations    | 5 7 8 9 |  9.0
Translocations | 3 5 6 |  6.0
Armour         | 2 5 9 10 | 10.0
Stealth        | 1 |  1.0
Dodging        | 3 |  3.0
Evocations     | 4 |  4.0

Action                   |  1- 3 |  4- 6 |  7- 9 | 10-12 | 13-15 || total
-------------------------+-------+-------+-------+-------+-------++-------
Melee: Shortbow          |       |       |     1 |     5 |       ||     6
       Headbutt          |       |       |       |     2 |       ||     2
       Arbalest          |       |       |       |       |     3 ||     3
 Fire: Shortbow          |   115 |   166 |   571 |  1456 |   203 ||  2511
       Arbalest          |       |       |       |       |   751 ||   751
       Longbow           |       |       |       |       |   365 ||   365
 Cast: Blink             |       |       |       |     3 |     4 ||     7
Invok: Heroism           |       |       |       |     7 |     5 ||    12
       Finesse           |       |       |       |    10 |    14 ||    24
Evoke: Wand              |       |       |       |     1 |     1 ||     2
  Use: Scroll            |       |       |    11 |    12 |    10 ||    33
       Potion            |       |       |     4 |    13 |     7 ||    24
Armor: Leather armour    |    12 |    31 |       |       |       ||    43
       Scale mail        |       |    14 |    70 |       |       ||    84
       Steam dragon scal |       |       |    44 |   418 |   179 ||   641
       Skin              |       |       |       |     7 |       ||     7
       Ring mail         |       |       |       |       |   102 ||   102
Dodge: Dodged            |    29 |    68 |   207 |   452 |   362 ||  1118
